Map: Tourbillon EC (Void)

Players

Lkz

  • Race: Zerg Zerg
  • League: Master
  • Spawn Location: 11:00

Naffy - Winner!

  • Race: Terran Terran
  • League: Grandmaster
  • Spawn Location: 5:00

VOD

Have the link to the VOD?

Description

Time

  • Played on: Dec. 17, 2016, 7:28 a.m.
  • Length: 24:09
Show
View Real Time Build Order
Export as new Build Order

Lkz Zerg 

Build Orders: Hatch First 

Get SALT Encoding   

  12  0:02  Drone  
  13  0:13  Overlord  
  13  0:17  Drone  
  14  0:32  Drone x2  
  16  0:36  Drone  
  17  0:53  Hatchery  
  17  0:55  Drone  
  17  0:58  Drone  
  17  1:01  Extractor  
  17  1:15  Drone, Spawning Pool  
  17  1:19  Drone  
  18  1:29  Drone  
  20  1:40  Drone  
  20  1:50  Overlord  
  20  2:02  Metabolic Boost, Queen  
  20  2:06  Zergling x2, Queen  
  25  2:09  Zergling x2  
  25  2:12  Drone  
  27  2:16  Drone  
  28  2:23  Drone  
  28  2:27  Drone  
  30  2:38  Drone x2  
  30  2:42  Pneumatized Carapace  
  30  2:44  Queen  
  32  2:46  Overlord  
  32  2:48  Overlord  
  34  2:55  Drone  
  35  3:00  Drone  
  36  3:05  Drone  
  36  3:09  Drone  
  38  3:16  Drone x6  
  44  3:20  Drone  
  44  3:23  Drone  
  46  3:40  Queen x2  
  50  3:41  Hatchery  
  50  3:44  Overlord  
  50  3:48  Overlord  
  49  3:50  Overlord  
  49  4:04  Drone x3  
  49  4:05  Drone  
  49  4:07  Extractor  
  52  4:10  Baneling Nest  
  52  4:13  Zergling x2  
  52  4:14  Zergling x12  
  58  4:19  Lair  
  58  4:20  Spore Crawler  
  58  4:23  Spore Crawler  
  56  4:29  Evolution Chamber  
  56  4:30  Evolution Chamber  
  56  4:31  Zergling x4  
  56  4:32  Zergling x2  
  56  4:33  Zergling x2  
  56  4:36  Zergling x2  
  56  4:37  Zergling x2  
  60  4:43  Zergling x2  
  61  4:51  Overlord  
  61  4:52  Queen  
  63  4:53  Drone x3  
  63  4:58  Drone x2  
  68  5:00  Drone  
  68  5:03  Drone  
  70  5:13  Baneling  
  69  5:14  Baneling x9  
  69  5:17  Zergling x4  
  69  5:19  Overseer  
  71  5:23  Zergling x2  
  71  5:24  Zergling x6  
  65  5:43  Baneling x5  
  65  5:46  Drone x7  
  72  5:55  Queen  
  72  5:56  Extractor  
  73  6:03  Drone x5  
  76  6:10  Drone x2, Extractor  
  75  6:12  Hydralisk Den  
  75  6:14  Spore Crawler  
  75  6:15  Queen  
  75  6:19  Zerg Missile Weapons Level 1, Roach Warren  
  75  6:23  Drone x4  
  78  6:30  Overlord  
  78  6:32  Drone x4  
  82  6:36  Baneling  
  82  6:37  Baneling x4  
  82  6:43  Muscular Augments  
  79  6:59  Roach x7  
  87  7:14  Overlord  
  87  7:16  Drone x6  
  87  7:18  Extractor  
  87  7:19  Overlord, Extractor  
  91  7:28  Drone x4  
  95  7:31  Overlord  
  95  7:35  Hydralisk x2  
  95  7:36  Hydralisk x2  
  103  7:39  Infestation Pit  
  103  7:41  Overseer  
  102  7:46  Zerg Ground Armor Level 1, Hatchery  
  101  7:56  Hydralisk x2  
  105  7:58  Drone  
  105  7:59  Drone  
  105  8:00  Drone x3  
  105  8:02  Drone  
  105  8:03  Spine Crawler  
  105  8:04  Drone  
  111  8:11  Overlord  
  111  8:29  Hydralisk x7  
  111  8:30  Hydralisk x2  
  111  8:32  Drone  
  130  8:38  Overlord x2  
  130  8:39  Overlord x2  
  130  8:42  Hive  
  130  8:46  Burrow  
  129  8:50  Overlord x2  
  128  8:56  Glial Reconstitution  
  128  8:57  Zerg Missile Weapons Level 2  
  128  9:00  Drone x6  
  128  9:01  Drone x5  
  139  9:04  Queen  
  141  9:15  Drone  
  142  9:19  Spine Crawler, Spore Crawler  
  142  9:20  Spine Crawler x2  
  138  9:33  Roach x6  
  150  9:44  Zerg Ground Armor Level 2, Hatchery  
  149  9:48  Extractor  
  149  9:49  Extractor  
  149  9:51  Nydus Network  
  146  10:00  Viper x2  
  152  10:12  Viper  
  155  10:23  Roach  
  155  10:24  Roach x11, Extractor  
  155  10:25  Overlord x2, Extractor  
  155  10:27  Overseer  
  155  10:28  Overseer  
  177  10:29  Hatchery  
  177  10:30  Drone x7  
  177  10:32  Drone  
  184  10:47  Ravager  
  184  10:48  Ravager x5  
  190  10:55  Overlord  
  190  10:59  Ravager  
  190  11:00  Ravager x2  
  190  11:03  Spine Crawler x2  
  191  11:04  Drone x3  
  191  11:05  Drone x2, Spine Crawler  
  191  11:07  Spine Crawler  
  191  11:11  Overlord  
  194  11:17  Spire  
  193  11:19  Zerg Missile Weapons Level 3  
  193  11:25  Ravager x3  
  196  11:32  Overlord  
  196  11:54  Viper  
  150  12:48  Hydralisk x8  
  150  12:50  Roach  
  150  12:51  Roach x15  
  179  13:10  Roach  
  179  13:11  Roach x18  
  198  13:27  Overlord, Overseer  
  126  13:50  Greater Spire  
  126  13:52  Hydralisk  
  126  13:53  Hydralisk x14  
  140  14:14  Ravager  
  140  14:15  Ravager x7  
  148  14:19  Hydralisk x10  
  168  14:25  Hatchery  
  167  14:32  Corruptor  
  167  14:33  Corruptor x4  
  162  14:46  Corruptor  
  162  14:47  Corruptor x4  
  161  14:57  Roach x6  
  161  14:59  Overlord x5  
  173  15:00  Overlord  
  166  15:13  Viper x5  
  168  15:15  Brood Lord  
  168  15:16  Brood Lord  
  174  15:21  Brood Lord  
  174  15:26  Brood Lord  
  174  15:33  Brood Lord  
  176  15:39  Brood Lord  
  176  15:40  Hatchery  
  177  15:51  Brood Lord x2  
  181  16:10  Extractor  
  180  16:13  Spine Crawler  
  180  16:14  Spine Crawler, Extractor  
  180  16:15  Spine Crawler, Spore Crawler  
  180  16:16  Brood Lord x2  
  180  16:18  Roach x4  
  181  16:19  Roach x6  
  127  16:58  Ravager  
  127  16:59  Hydralisk  
  127  17:00  Hydralisk x12  
  154  17:25  Hydralisk  
  154  17:26  Hydralisk x6  
  167  17:36  Viper x3  
  173  17:51  Viper x2  
  179  18:14  Drone x5  
  179  18:15  Drone x6  
  179  18:16  Drone x3  
  193  18:20  Ravager x4  
  193  18:21  Ravager x2  
  197  18:54  Spore Crawler  
  197  18:55  Spine Crawler x2, Extractor  
  194  18:56  Spine Crawler  
  194  18:57  Spine Crawler  
  194  19:00  Roach  
  194  19:01  Roach x3  
  145  19:27  Hydralisk x5  
  145  19:28  Hydralisk x15  
  157  19:41  Roach  
  157  19:42  Roach x8  
  157  19:43  Hydralisk x7  
  170  20:02  Viper  
  170  20:03  Viper  
  144  20:17  Roach  
  144  20:18  Roach x12  
  157  20:31  Roach x5  
  157  20:32  Roach  
  165  20:35  Hatchery  
  164  20:53  Hydralisk  
  164  20:54  Hydralisk x6  
  138  21:28  Hydralisk  
  138  21:29  Hydralisk x11  
  139  21:44  Viper  
  142  21:56  Viper  
  142  21:58  Viper  
  142  22:00  Extractor  
  147  22:03  Extractor  
  146  22:11  Viper  
  138  22:25  Spine Crawler  
  138  22:26  Spore Crawler  
  138  22:28  Spine Crawler  
  120  22:38  Drone x8  
  127  22:45  Roach x7  
  141  23:00  Hatchery  
  141  23:02  Roach x5  
  142  23:31  Hydralisk  
  142  23:32  Hydralisk x3  
  131  23:43  Hydralisk  
Show
View Real Time Build Order
Export as new Build Order

Naffy Terran - Winner!

Build Orders: Reaper Expand, Hellion Banshee, Mech 

Get SALT Encoding   

  12  0:00  SCV  
  13  0:13  SCV  
  14  0:17  Supply Depot  
  14  0:25  SCV  
  15  0:39  SCV  
  15  0:41  Barracks  
  16  0:43  Refinery  
  16  0:51  SCV  
  17  1:03  SCV  
  18  1:15  SCV  
  19  1:27  Orbital Command  
  19  1:28  Reaper  
  20  1:42  Command Center  
  20  1:53  SCV  
  21  1:55  Supply Depot  
  21  2:02  Marine  
  21  2:06  Factory  
  22  2:09  SCV  
  22  2:14  Refinery  
  23  2:21  Barracks Reactor, SCV  
  24  2:33  SCV  
  25  2:45  SCV  
  26  2:53  Starport  
  26  2:55  Orbital Command  
  26  2:57  SCV  
  27  3:04  Hellion x2  
  31  3:07  Barracks Tech Lab  
  31  3:09  Supply Depot  
  31  3:10  SCV  
  32  3:22  SCV x2  
  34  3:27  Hellion  
  34  3:28  Hellion  
  34  3:34  SCV x2  
  40  3:35  Cloaking Field  
  40  3:39  Banshee  
  43  3:47  SCV x2  
  49  3:55  Hellion x2  
  49  3:59  Armory  
  49  4:00  SCV x2  
  51  4:05  Supply Depot  
  51  4:08  Supply Depot  
  50  4:12  SCV  
  50  4:15  SCV  
  52  4:24  SCV  
  52  4:26  Banshee  
  52  4:28  Hellion x2  
  52  4:29  Supply Depot  
  60  4:36  Supply Depot  
  60  4:37  SCV x2  
  62  4:45  Command Center  
  62  4:49  SCV  
  62  4:50  SCV  
  64  4:55  Refinery  
  64  4:56  Refinery  
  64  5:08  SCV x2  
  66  5:15  Hellion x2, Banshee  
  66  5:20  SCV x2  
  63  5:36  SCV x2  
  63  5:38  Hellion x2  
  62  5:48  SCV x2  
  64  5:50  Barracks Tech Lab, Armory  
  64  5:52  Factory x2  
  64  5:58  Banshee  
  64  6:00  Hellion x2, SCV x2  
  74  6:12  SCV  
  74  6:13  Orbital Command  
  74  6:19  Engineering Bay, SCV  
  74  6:21  Supply Depot  
  74  6:24  SCV  
  76  6:26  Cyclone x2  
  76  6:31  SCV  
  83  6:36  SCV  
  83  6:39  Terran Vehicle Weapons Level 1, Terran Vehicle And Ship Armor Level 1  
  84  6:45  SCV  
  85  6:51  Starport Reactor, Hellion x2, SCV x2  
  90  6:57  SCV  
  88  7:03  SCV  
  89  7:10  Orbital Command  
  86  7:18  Supply Depot  
  86  7:20  Infernal Pre-Igniter  
  86  7:24  Supply Depot  
  86  7:29  Supply Depot  
  86  7:31  Supply Depot  
  86  7:39  Siege Tank, SCV x3  
  92  7:45  Liberator x2, Refinery  
  92  7:46  Thor  
  92  7:48  Refinery  
  92  7:50  Supply Depot  
  98  7:52  Supply Depot  
  98  7:53  Supply Depot  
  98  7:56  SCV x3  
  101  8:02  Hellion x2  
  111  8:08  SCV x3  
  111  8:11  Missile Turret  
  114  8:13  Supply Depot  
  114  8:20  Missile Turret  
  114  8:25  SCV x3  
  114  8:26  Siege Tank  
  120  8:27  Hellion x2  
  120  8:29  Siege Tank  
  127  8:36  Supply Depot  
  127  8:37  SCV x3  
  130  8:45  Terran Vehicle And Ship Armor Level 2, Terran Vehicle Weapons Level 2  
  130  9:00  Siege Tank  
  130  9:01  Siege Tank, Hellion x2  
  140  9:05  Command Center  
  140  9:09  Command Center  
  140  9:16  Command Center  
  140  9:17  Command Center  
  140  9:22  Barracks Reactor  
  140  9:23  Factory  
  140  9:25  Factory  
  140  9:27  Liberator  
  140  9:28  Supply Depot, Liberator  
  140  9:33  Supply Depot  
  140  9:38  Siege Tank x2, Missile Turret x2  
  140  9:39  Hellion x2  
  156  9:55  Supply Depot x2  
  156  10:00  Hellion  
  156  10:01  Hellion  
  160  10:08  Factory Tech Lab  
  160  10:14  Missile Turret x2  
  160  10:15  Missile Turret x2  
  160  10:16  Missile Turret x2  
  160  10:19  Planetary Fortress  
  160  10:21  Missile Turret  
  160  10:23  Missile Turret  
  160  10:24  Missile Turret  
  160  10:25  Missile Turret  
  160  10:26  Orbital Command, Missile Turret x2  
  160  10:39  Siege Tank  
  160  10:40  Siege Tank x2  
  160  10:41  Refinery  
  169  10:44  Refinery  
  169  10:51  Missile Turret  
  169  10:53  Missile Turret x2  
  169  10:54  Planetary Fortress, Missile Turret  
  175  10:58  Planetary Fortress  
  175  11:15  Siege Tank x2  
  175  11:16  Hellion  
  175  11:17  Hellion x3  
  189  11:22  Terran Vehicle Weapons Level 3  
  189  11:23  Terran Vehicle And Ship Armor Level 3  
  183  11:29  Siege Tank  
  186  11:38  Hellion x4  
  194  11:51  Siege Tank x2  
  196  12:10  Siege Tank  
  170  12:34  Siege Tank x2  
  170  12:35  Hellion x4  
  170  12:36  Viking x2  
  180  12:41  Thor  
  186  12:56  Hellion x3  
  186  12:57  Hellion  
  182  13:09  Siege Tank x2  
  179  13:18  Hellion x4  
  185  13:24  Thor  
  175  13:34  Viking x2, Command Center  
  175  13:36  Command Center  
  175  13:39  Hellion x4  
  169  13:41  Siege Tank x2  
  148  14:00  Hellion x2, Terran Ship Weapons Level 1  
  148  14:01  Hellion x2  
  156  14:04  Viking x2  
  156  14:07  Thor  
  166  14:19  Command Center  
  166  14:22  Hellion x4  
  174  14:28  Command Center  
  171  14:33  Siege Tank  
  171  14:34  Siege Tank, Viking x2  
  175  14:43  Hellion  
  152  15:08  Liberator x2  
  152  15:11  Siege Tank x2, Thor  
  152  15:12  Hellion x2  
  152  15:13  Hellion x2  
  169  15:58  Planetary Fortress, Missile Turret  
  169  15:59  Missile Turret  
  169  16:01  Refinery  
  169  16:02  Refinery  
  169  16:06  Missile Turret  
  169  16:08  Planetary Fortress  
  163  16:18  Missile Turret, Refinery  
  161  16:19  Refinery  
  161  16:21  Missile Turret  
  161  16:22  Viking x2  
  161  16:23  Thor  
  117  16:48  Siege Tank x2  
  117  16:49  Hellion x2  
  117  16:50  Hellion x2  
  128  16:59  Viking x2  
  126  17:06  Thor  
  132  17:16  Cyclone x4  
  144  17:33  Viking x2  
  144  17:35  Thor, Orbital Command  
  144  17:36  Thor  
  160  17:49  Thor  
  163  17:58  Cyclone  
  163  17:59  Cyclone  
  163  18:01  Cyclone  
  163  18:03  Viking x2  
  163  18:05  Cyclone  
  179  18:23  Planetary Fortress  
  170  18:42  Thor x3  
  170  18:46  Viking x2  
  192  18:49  Terran Ship Weapons Level 2  
  188  19:23  Cyclone x4  
  169  19:24  Thor  
  169  19:25  Thor x2  
  175  19:49  Viking x2  
  179  19:55  Cyclone x4  
  168  20:19  Thor x2  
  168  20:20  Siege Tank  
  177  20:27  Hellion, Cyclone  
  177  20:28  Hellion, Cyclone  
  187  20:35  Viking x2  
  185  20:39  Hi-Sec Auto Tracking  
  185  20:50  Hellion, Cyclone  
  187  20:59  Cyclone  
  187  21:00  Hellion  
  189  21:23  Siege Tank, Thor x2  
  189  21:24  Hellion  
  189  21:25  Viking x2, Hellion x2  
  188  21:32  Hellion  
  168  21:36  Building Armor  
  160  21:46  Hellion x2  
  164  21:50  Hellion  
  164  21:53  Hellion  
  168  21:55  Siege Tank  
  168  21:57  Starport  
  168  21:59  Starport  
  171  22:01  Starport  
  171  22:02  Starport, Command Center  
  171  22:05  Fusion Core  
  171  22:06  Siege Tank, Thor  
  171  22:07  Hellion x2  
  184  22:25  Liberator x2  
  180  22:40  Siege Tank x2  
  180  22:41  Hellion x3  
  180  22:42  Hellion  
  196  22:56  Starport Tech Lab x2  
  196  22:57  Starport Tech Lab x2  
  196  23:03  Hellion x2  
  198  23:25  Missile Turret, Refinery x2  
  198  23:26  Missile Turret  
  198  23:27  Command Center  
Tags
 
Add a new tag
Caveats
  • Supply blocks, unpowered buildings, or Contaminate may cause inaccurate times.
  • Supply counts are checked every 10 seconds.